 Dungeon Crawl Stone Soup version 0.18.1-1-g2f07953 (webtiles) character file.

53 Ellandar the Digger (level 3, -3/19 HPs)
             Began as a Gargoyle Earth Elementalist on Aug 9, 2016.
             Slain by Natasha (5 damage)
             ... on level 2 of the Dungeon.
             The game lasted 00:10:11 (1589 turns).

Ellandar the Digger (Gargoyle Earth Elementalist)   Turns: 1589, Time: 00:10:12

Health: -3/19      AC:  5    Str: 11    XL:     3   Next: 89%
Magic:  3/7        EV: 12    Int: 16    God:
Gold:   128        SH:  0    Dex: 10    Spells: 2 memorised, 4 levels left

rFire  . . .     SeeInvis .     b - 98 stones
rCold  . . .     Gourm    .     a - +0 robe
rNeg   + . .     Faith    .     (no shield)
rPois  ∞         Spirit   .     (no helmet)
rElec  +         Dismiss  .     (no cloak)
rCorr  .         Reflect  .     (no gloves)
SustAt .         Harm     .     (no boots)
MR     .....                    (no amulet)
Stlth  ++........               (no ring)
                                (no ring)

@: slowed, very slow, not resistant to hostile enchantments, unstealthy
A: negative energy resistance 1, electricity resistance, unbreathing,
petrification resistance, rot immunity, AC +3
a: no special abilities


You were on level 2 of the Dungeon.
You were not hungry.

You visited 1 branch of the dungeon, and saw 2 of its levels.

You collected 128 gold pieces.

Inventory:

Hand Weapons
 e - a +2 spear of pain
 f - a +2 short sword of venom
Missiles
 b - 98 stones (in hand)
Armour
 a - a +0 robe (worn)
Scrolls
 i - a scroll of amnesia {unknown}
 j - a scroll of magic mapping {unknown}
 k - a scroll of enchant armour {unknown}
Potions
 g - 2 potions of curing {unknown}
 h - 2 potions of degeneration {unknown}
 l - 3 potions of agility {unknown}
Books
 c - a book of Geomancy

   Spells                             Type                      Level
   a - Sandblast                      Earth                        1
   b - Passwall                       Transmutation/Earth          2
   c - Stone Arrow                    Conjuration/Earth            3
   d - Petrify                        Transmutation/Earth          4
   e - Lee's Rapid Deconstruction     Earth                        5
Comestibles
 d - a bread ration
 n - a meat ration


   Skills:
 - Level 1.5 Dodging
 - Level 2.1 Stealth
 * Level 3.0 Spellcasting
 + Level 0.0 Conjurations
   Level 0.7 Transmutations
 + Level 4.7 Earth Magic


You had 4 spell levels left.
You knew the following spells:

 Your Spells              Type           Power        Failure   Level  Hunger
a - Sandblast             Erth           ###...       3%          1    #......
b - Stone Arrow           Conj/Erth      #.....       21%         3    ###....


Dungeon Overview and Level Annotations

Branches:
Dungeon (2/15)

Altars:
Ashenzari
Sif Muna

Annotations:
D:2 Natasha


Innate Abilities, Weirdness & Mutations

You are resistant to torment.
Your stone body is resilient (AC +3).
You are immune to poison.
You resist negative energy.
You are resistant to electric shocks.
You can survive without breathing.
You are immune to petrification.
You are immune to rotting.


Message History

The bat closely misses you. Natasha barely misses you.
A bat comes into view.
Casting: Sandblast
Confirm with . or Enter, or press ? or * to list all spells.
Aiming: Sandblast
Press: ? - help, Shift-Dir - straight line, f - bat
Aim: a bat The rocky blast hits the bat.
You kill the bat!
Natasha claws you!
* * * LOW HITPOINT WARNING * * *
Casting: Sandblast
Confirm with . or Enter, or press ? or * to list all spells.
Aiming: Sandblast
Press: ? - help, Shift-Dir - straight line, f - Natasha
Aim: Natasha The rocky blast hits Natasha.
Natasha is severely wounded.
Natasha claws you.
You die...

###.##.##.#### #.#.#
###### #...#...## #.#.#
#..... #########. #.#.#
#..... ....... #.#.#
#..... ....... #.#.#
#.....
.......#####'#.####.....
.......#................
......h#................
#.†@................
#!##................ #
#............####
#................
#................
####...).........
####'###...... #.#
#...... #.# #......


You could see Natasha.

Vanquished Creatures
  An adder (D:2)
  A worm (D:2)
  4 dart slugs (D:1)
  A giant gecko (D:1)
  A ball python (D:1)
  A giant cockroach (D:1)
  4 goblins (D:1)
  4 hobgoblins
  6 kobolds
  4 bats
  2 giant newts (D:2)
  5 rats
34 creatures vanquished.

Notes
Turn   | Place    | Note
--------------------------------------------------------------
     0 | D:1      | Ellandar the Gargoyle Earth Elementalist began the quest for the Orb.
     0 | D:1      | Reached XP level 1. HP: 10/10 MP: 3/3
   311 | D:1      | Reached XP level 2. HP: 10/15 MP: 0/5
   499 | D:1      | Reached skill level 4 in Earth Magic
   638 | D:1      | Reached XP level 3. HP: 18/19 MP: 1/6
  1041 | D:2      | Found a shattered altar of Ashenzari.
  1456 | D:2      | Found a deep blue altar of Sif Muna.
  1514 | D:2      | Learned a level 3 spell: Stone Arrow
  1581 | D:2      | Noticed Natasha
  1589 | D:2      | Slain by Natasha

Skill      XL: |  1  2  3 |
---------------+----------+-----
Earth Magic    | 4 |  4.7
Spellcasting   | 3 |  3.0
Dodging        | |  1.5
Stealth        | |  2.1
Transmutations | |  0.7

Action                   || total
-------------------------++-------
Melee: Spear             ||     2
       Short sword       ||    15
 Cast: Sandblast         ||    53
 Stab: Sleeping          ||     1
  Eat: Chunk             ||     2
Armor: Robe              ||     7
Dodge: Dodged            ||    24
